 Dungeon Crawl Stone Soup version 0.30-b1-2-g02819fbbbe (webtiles) character file.

Game seed: 12831234096901605640

171662 Gabide the Warrior (level 17, -2/265 HPs)
             Began as an Armataur Berserker on May 3, 2023.
             Was the Champion of Trog.
             Slain by a shock serpent (5 damage)
             ... on level 1 of the Snake Pit.
             The game lasted 01:00:44 (27102 turns).

Gabide the Warrior (Armataur Berserker)            Turns: 27102, Time: 01:00:45

Health: -2/265     AC: 25    Str: 30    XL:     17   Next: 14%
Magic:  8/8        EV: 17    Int: 10    God:    Trog [******]
Gold:   1178       SH:  0    Dex: 10    Spells: 16/16 levels left

rFire   + + +        a - +7 great mace "Firestarter" {flame, immolate, rFlCloud rF++}
rCold   + . .        (shield currently unavailable)
rNeg    . . .        R - +3 troll leather armour
rPois   .            U - +1 helmet of the Pit {Regen+ rCorr MP-9 Int+2}
rElec   .            r - +2 cloak
rCorr   +            N - +2 pair of gloves
SInv    .            f - +4 barding {rF+}
Will    ++...        W - amulet of the Heron {rC+ Will+ Regen+} Stlth
                     l - +5 ring of evasion
HPRegen 3.04/turn    T - ring of flight
MPRegen 0.11/turn

%: roll
@: berserking, lethally poisoned (-2 -> -11), flying, studying Fighting, very
quick
A: large, rugged brown scales 3, deformed body, armoured tail, roll, long
tongue, awkward tongue
}: 1/15 runes: barnacled
a: Renounce Religion, Berserk, Trog's Hand, Brothers in Arms


You were on level 1 of the Snake Pit.
You worshipped Trog.
Trog was exalted by your worship.
You visited 5 branches of the dungeon, and saw 28 of its levels.
You visited 1 bazaar.

You collected 3802 gold pieces.
You spent 2624 gold pieces at shops.

Inventory:

Hand Weapons
 a - the +7 great mace "Firestarter" (weapon) {flame, immolate, rFlCloud rF++}
   (You bought it in a shop on level 4 of the Dungeon)

   rFlCloud:  It grants immunity to clouds of flame.
   rF:        It greatly protects you from fire.
 v - a +9 antimagic great mace
 M - the +7 great mace "Undeadhunter" {deathbane, rN+}
   (You took it off a centaur warrior on level 12 of the Dungeon)

   rN:        It protects you from negative energy.
Missiles
 H - 4 throwing nets
Armour
 f - a +4 barding of fire resistance (worn)
 r - a +2 cloak (worn)
 N - a +2 pair of gloves (worn)
 O - a +2 ring mail of willpower
 P - the +1 scale mail of Slovenliness {rCorr}
   (You found it on level 3 of the Lair of Beasts)

   rCorr:     It protects you from acid and corrosion.
 R - a +3 troll leather armour (worn)
 U - the +1 helmet of the Pit (worn) {Regen+ rCorr MP-9 Int+2}
   (You found it on level 14 of the Dungeon)

   Int:       It affects your intelligence (+2).
   MP:        It affects your magic capacity (-9).
   Regen:     It increases your rate of health regeneration.
   rCorr:     It protects you from acid and corrosion.
Jewellery
 i - a +4 ring of protection
 l - a +5 ring of evasion (left hand)
 m - a ring of see invisible
 s - a ring of protection from cold
 F - a ring of magical power
 S - a ring of protection from cold
 T - a ring of flight (right hand)
 V - an amulet of magic regeneration
 W - the amulet of the Heron (around neck) {rC+ Will+ Regen+}
   (You found it on level 5 of the Lair of Beasts)

   [amulet of regeneration]

   rC:        It protects you from cold.
   Regen:     It increases your rate of health regeneration.
   Will:      It increases your willpower.
 Z - a ring of protection from fire
Wands
 h - a wand of charming (14)
 A - a wand of roots (15)
 E - a wand of light (24)
 I - a wand of mindburst (67)
 L - a wand of digging (2)
 Y - a wand of polymorph (9)
Scrolls
 d - 21 scrolls of teleportation
 e - 3 scrolls of poison
 j - a scroll of enchant weapon
 k - 6 scrolls of magic mapping
 p - 2 scrolls of summoning
 u - 4 scrolls of torment
 y - a scroll of fear
 D - 4 scrolls of immolation
 G - 4 scrolls of blinking
 J - 4 scrolls of silence
 K - 2 scrolls of brand weapon
 Q - 4 scrolls of fog
Potions
 c - 5 potions of flight
 g - 2 potions of invisibility
 n - 7 potions of attraction
 o - 12 potions of might
 q - 4 potions of lignification
 t - 6 potions of haste
 w - 17 potions of curing
 x - 2 potions of berserk rage
 z - 4 potions of resistance
 B - 10 potions of mutation
 C - a potion of ambrosia
 X - 2 potions of cancellation
Miscellaneous
 b - a phial of floods


   Skills:
 + Level 18.6 Fighting
 - Level 14.0 Maces & Flails
 - Level 2.4 Armour
 + Level 15.5 Dodging
 - Level 0.7 Stealth


You had 16 spell levels left.
You didn't know any spells.
Your spell library was empty.

Dungeon Overview and Level Annotations

Branches:
Dungeon (15/15)            Temple (0/1) D:5            Lair (5/5) D:8
 Shoals (4/4) Lair:2        Snake (2/4) Lair:2        Slime (0/5) Lair:5
    Orc (2/2) D:11            Elf (0/3) Orc:2        Vaults (0/5) D:14
 Depths (0/4) D:15

Altars:
Ashenzari
Dithmenos
Okawaru
Ru
Sif Muna
Xom
Yredelemnul
Jiyva

Shops:
D:4 *   D:13 !   D:14 :   Orc:1 =   Orc:2 *?[*   Snake:1 *

Portals:
Abyss: Lair:1
Trove: D:11 (give +2 gold dragon scales)

Annotations:
Lair:1 2 transporters, Bukhlaj's ghost, journeyman HOFi


Innate Abilities, Weirdness & Mutations

You are completely covered in rugged brown scales. (AC +3, +7% HP)
Armour fits poorly on your strangely shaped body.
You have a long armoured tail.
You roll when moving toward enemies. (Rampage)
Your long tongue fully drains potion bottles. (2x potion effects)
Your tongue gives you trouble enunciating. (1.5x scroll delay)


Message History

Okay, then.
Unknown command.
A red film seems to cover your vision as you go berserk!
You feel yourself moving faster!
You feel mighty!
The black mamba bites you but does no damage.
The black mamba bites you.
* * * LOW HITPOINT WARNING * * *
You are poisoned.
The black mamba poisons you!
The shock serpent bites you but does no damage.
The black mamba closely misses you.
The black mamba bites you but does no damage.
The shock serpent shoots out a bolt of lightning at you!
The bolt of electricity misses you.
You miss the shock serpent.
Your tail-slap misses the shock serpent.
The shock serpent is lightly wounded.
You feel very sick. The black mamba completely misses you.
The black mamba barely misses you.
The shock serpent bites you but does no damage.
You miss the shock serpent.
The shock serpent is lightly wounded.
You feel very sick.
The shock serpent's inner flame fades away.
The black mamba bites you but does no damage.
The black mamba bites you.
* * * LOW HITPOINT WARNING * * *
You are more poisoned.
The black mamba poisons you! The black mamba bites you!
* * * LOW HITPOINT WARNING * * *
The shock serpent bites you but does no damage.
The black mamba bites you but does no damage.
You miss the shock serpent.
The shock serpent is lightly wounded.
* * * LOW HITPOINT WARNING * * *
You feel very sick. The black mamba misses you.
The black mamba bites you but does no damage.
The shock serpent bites you.
You die...

#.....?...##...............
#.........##...............
#.........#........###.....
#.........#........# #.....
#.........#.....##.###.....
##...........#..##.##......
#.........[.......##......
#........S................
##.......S@S.........(.....
#...[............#####.....
##...............##.⌠.##....
#................#.....#....
#................#⌠.>.⌠#....
#................#.....##...
#................##...#####.
#................###'### ##
#..............###.....### #


You could see a shock serpent and 2 black mambas.

Vanquished Creatures
  Jorgrun (Shoals:1)
  Polyphemus (Shoals:2)
  2 krakens (Shoals:3)
  Gastronok (Orc:1)
  Kirke (Lair:5)
  A fenstrider witch (Shoals:1)
  A frost giant (Shoals:4)
  4 dire elephants
  Josephine (D:10)
  9 merfolk impalers
  A merfolk javelineer (Shoals:4)
  A rakshasa (D:12)
  11 hydras
  A merfolk avatar (Shoals:3)
  A catoblepas (Shoals:2)
  4 anacondas
  3 alligator snapping turtles
  5 two-headed ogres
  2 dancing weapons (D:14)
  5 merfolk aquamancers (Shoals:4)
  A naga warrior (Snake:1)
  8 boulder beetles
  2 death knights (D:13)
  6 centaur warriors
  An alligator (Shoals:4)
  2 death yaks (Shoals:2)
  2 tengu warriors
  A shock serpent (Snake:1)
  A spectral dire elephant (Lair:5)
  A naga sharpshooter (Snake:1)
  2 orc high priests (Orc:2)
  Urug (Orc:2)
  Amaemon (Lair:3)
  A spectral death yak (Lair:5)
  4 skysharks
  Lodul (D:10)
  A skeletal warrior (D:13)
  A goliath frog (Shoals:4)
  10 sea snakes
  A naga ritualist (Snake:2)
  A spectral anaconda (Lair:5)
  A wizard (D:12)
  2 lindwurms
  A lindwurm (shapeshifter) (D:12)
  An obsidian statue (Lair:5)
  3 necromancers (Lair:5)
  2 harpies (Shoals:4)
  2 wolf spiders
  An orc knight (Orc:1)
  5 orc sorcerers (Orc:2)
  A deep elf pyromancer (D:12)
  A mana viper (Snake:1)
  16 ugly things
  4 fauns
  An oklob plant (Lair:3)
  16 manticores
  3 cyclopes
  7 black mambas
  3 salamanders
  A dire elephant zombie (Lair:5)
  4 merfolk sirens
  An orange demon (Lair:3)
  2 naga magi (Snake:2)
  The ghost of unrecovered the Ducker, a novice TrGl of Elyvilon (D:6)
  6 water nymphs
  10 elephants
  A dire elephant skeleton (Lair:5)
  10 cane toads
  3 gargoyles
  2 rime drakes
  Psyche (D:8)
  2 kobold demonologists
  An unseen horror (D:12)
  10 komodo dragons
  A tengu conjurer (D:13)
  A freezing wraith (D:13)
  4 meliai
  2 tormentors (D:13)
  10 trolls
  4 polar bears
  10 wind drakes
  23 merfolk
  2 hornets (Lair:4)
  A blink frog (Lair:3)
  7 snapping turtles
  A dream sheep (Lair:3)
  15 slime creatures
  2 vampires
  10 wraiths
  6 wyverns
  6 water elementals
  A basilisk (shapeshifter) (D:13)
  2 steam dragons
  36 yaks
  A hog (shapeshifter) (D:13)
  2 humans (Lair:5)
  4 basilisks
  13 vampire mosquitoes
  A spectral cane toad (Lair:5)
  3 wargs
  7 nagas
  An acid dragon (D:11)
  19 water moccasins
  19 orc warriors
  2 elephant zombies (Lair:5)
  2 sky beasts
  A hornet zombie (D:6)
  2 ice beasts (D:5)
  5 black bears
  16 ogres
  26 wolves
  4 centaurs
  2 elephant skeletons (Lair:5)
  2 phantoms
  5 kobold brigands
  A scorpion (D:5)
  15 bullfrogs
  3 cane toad simulacra (Lair:5)
  A water moccasin zombie (D:6)
  4 wights (D:7)
  An elephant simulacrum (Lair:5)
  15 killer bees
  16 electric eels
  7 howler monkeys
  6 jellies
  6 hounds
  Crazy Yiuf (D:2)
  A gnoll bouda (D:8)
  24 orc priests
  2 iguanas
  2 sleepcaps
  46 orc wizards
  16 gnolls
  7 adders
  A shadow imp (D:5)
  A white imp (D:6)
  3 ufetubi (D:5)
  2 worms
  A dart slug (D:4)
  67 orcs
  16 endoplasms
  6 giant cockroaches
  7 goblins
  7 hobgoblins
  2 jackals (D:2)
  30 kobolds
  2 quokkas
  7 ball pythons
  10 bats
  2 frilled lizards (D:3)
  6 rats
  8 bushes (Lair:3)
  A butterfly (Lair:3)
  4 tentacles (Shoals:3)
868 creatures vanquished.

Vanquished Creatures (collateral kills)
  A merfolk impaler (Shoals:4)
  A merfolk javelineer (Shoals:4)
  A two-headed ogre (D:12)
  An alligator snapping turtle (Shoals:4)
  A centaur warrior (D:12)
  An ugly thing (D:12)
  A deep elf pyromancer (D:12)
  A manticore (Shoals:4)
  2 merfolk sirens (Shoals:4)
  A troll (D:12)
  3 merfolk (Shoals:4)
  A centaur (D:8)
  A kobold brigand (D:8)
  A gnoll sergeant (D:8)
  2 orc priests (D:8)
  A hound (D:8)
  3 gnolls (D:8)
  3 hobgoblins (D:8)
  3 kobolds (D:8)
29 creatures vanquished.

Vanquished Creatures (others)
  An elephant (Lair:5)
  3 humans (Lair:5)
  2 orc wizards (Orc:2)
  An orc (Orc:2)
  A butterfly (Lair:3)
  18 fungi
  88 plants
  9 tentacles (Shoals:3)
  11 toadstools (D:2)
  24 withered plants (Lair:5)
158 creatures vanquished.

Grand Total: 1055 creatures vanquished

Notes
Turn   | Place    | Note
-------+----------+-------------------------------------------
     0 | D:1      | Gabide the Armataur Berserker began the quest for the Orb.
     0 | D:1      | Reached XP level 1. HP: 19/19 MP: 1/1
   194 | D:1      | Reached XP level 2. HP: 24/26 MP: 2/2
   281 | D:1      | Reached skill level 3 in Fighting
   653 | D:1      | Reached ** piety under Trog
   671 | D:1      | Reached XP level 3. HP: 32/33 MP: 3/3
  1357 | D:2      | Found a runed translucent door.
  1358 | D:2      | Noticed Crazy Yiuf
  1404 | D:2      | Reached XP level 4. HP: 35/40 MP: 4/4
  1564 | D:2      | Reached XP level 5. HP: 34/48 MP: 5/5
  1752 | D:2      | Killed Crazy Yiuf
  1753 | D:2      | Reached skill level 5 in Maces & Flails
  1830 | D:3      | Found a faded altar of an unknown god.
  2045 | D:3      | Found a transporter.
  2229 | D:3      | Reached *** piety under Trog
  2230 | D:3      | Reached XP level 6. HP: 52/54 MP: 6/6
  2303 | D:3      | Found a broken altar of Ashenzari.
  2410 | D:3      | Found a transporter.
  2563 | D:3      | Identified 2 scrolls of acquirement
  2563 | D:3      | Acquired a +0 barding of fire resistance
  2570 | D:3      | Acquired a +4 ring of protection
  2765 | D:4      | Found a sacrificial altar of Ru.
  3512 | D:4      | Found Tazek's General Store.
  3746 | D:5      | Entered Level 5 of the Dungeon
  3773 | D:5      | Reached skill level 4 in Fighting
  3878 | D:5      | Found a shimmering altar of Xom.
  3910 | D:5      | Found a staircase to the Ecumenical Temple.
  3925 | D:5      | Reached XP level 7. HP: 63/63 MP: 7/7
  4077 | D:5      | Reached XP level 8. HP: 71/71 MP: 8/8
  4579 | D:6      | Reached skill level 5 in Fighting
  4783 | D:6      | Found a runed translucent gate.
  4783 | D:6      | Found a runed translucent gate.
  4783 | D:6      | Found a runed translucent gate.
  4783 | D:6      | Noticed unrecovered's ghost (novice TrGl)
  4786 | D:6      | Found a basalt altar of Yredelemnul.
  5097 | D:6      | Reached **** piety under Trog
  5291 | D:6      | Killed unrecovered's ghost
  5407 | D:7      | Reached XP level 9. HP: 58/80 MP: 9/9
  5523 | D:7      | Reached skill level 6 in Fighting
  5555 | D:7      | Found an iron altar of Okawaru.
  6266 | D:8      | Reached skill level 5 in Dodging
  6387 | D:8      | Noticed a gargoyle
  6401 | D:8      | Killed a gargoyle
  6642 | D:8      | Found a staircase to the Lair.
  6703 | D:8      | Reached skill level 10 in Maces & Flails
  6799 | D:8      | Reached skill level 7 in Fighting
  6813 | D:8      | Reached ***** piety under Trog
  6827 | D:8      | Reached XP level 10. HP: 92/92 MP: 10/10
  6998 | D:8      | Noticed Psyche
  7013 | D:8      | Killed Psyche
  7654 | D:4      | Bought the +7 great mace "Firestarter" {flame, immolate,
                  | rFlCloud rF++} for 712 gold pieces
  7654 | D:4      | Found the +7 great mace "Firestarter" {flame, immolate,
                  | rFlCloud rF++}
  7720 | Lair:1   | Entered Level 1 of the Lair of Beasts
  7859 | Lair:1   | Noticed a cane toad
  7873 | Lair:1   | Killed a cane toad
  7876 | Lair:1   | Reached skill level 8 in Fighting
  8101 | Lair:1   | Noticed a wolf spider
  8105 | Lair:1   | Killed a wolf spider
  8127 | Lair:1   | Found a one-way gate to the infinite horrors of the Abyss.
  8127 | Lair:1   | Noticed Bukhlaj's ghost (journeyman HOFi)
  8130 | Lair:1   | Found a transporter.
  8134 | Lair:1   | Noticed a rakshasa
  8166 | Lair:1   | Noticed a green ugly thing
  8168 | Lair:1   | Noticed a red ugly thing
  8184 | Lair:1   | Identified the +0 robe of the Slightly Bent {Will+}
  8247 | Lair:1   | Noticed a swamp dragon
  8252 | Lair:1   | Found a transporter.
  8252 | Lair:1   | Noticed a rakshasa
  8337 | Lair:1   | Noticed a cane toad
  8341 | Lair:1   | Killed a cane toad
  8342 | Lair:1   | Reached XP level 11. HP: 99/100 MP: 11/11
  8836 | Lair:2   | Noticed a lindwurm
  8839 | Lair:2   | Killed a lindwurm
  8855 | Lair:2   | Noticed an eight-headed hydra
  8859 | Lair:2   | Killed an eight-headed hydra
  9043 | Lair:2   | Noticed a boulder beetle
  9051 | Lair:2   | Killed a boulder beetle
  9228 | Lair:2   | Found a staircase to the Snake Pit.
  9559 | Lair:2   | Identified the +11 quarterstaff of Foul Odours {freeze,
                  | Contam rC++ Int+4}
  9608 | Lair:2   | Found a staircase to the Shoals.
 10111 | Lair:3   | Noticed a five-headed hydra
 10115 | Lair:3   | Killed a five-headed hydra
 10116 | Lair:3   | Reached skill level 9 in Fighting
 10341 | Lair:3   | Noticed a skyshark
 10352 | Lair:3   | Killed a skyshark
 10475 | Lair:3   | Noticed a seven-headed hydra
 10477 | Lair:3   | Killed a seven-headed hydra
 10486 | Lair:3   | Noticed a boulder beetle
 10490 | Lair:3   | Noticed a boulder beetle
 10493 | Lair:3   | Reached XP level 12. HP: 87/112 MP: 12/12
 10496 | Lair:3   | Killed a boulder beetle
 10510 | Lair:3   | Killed a boulder beetle
 10800 | Lair:3   | Received a gift from Trog
 10813 | Lair:3   | Noticed a seven-headed hydra
 10819 | Lair:3   | Killed a seven-headed hydra
 10991 | Lair:3   | Noticed a seven-headed hydra
 10996 | Lair:3   | Killed a seven-headed hydra
 11009 | Lair:3   | Reached skill level 10 in Fighting
 11011 | Lair:3   | Noticed Amaemon
 11022 | Lair:3   | Killed Amaemon
 11459 | Lair:3   | Identified the +1 scale mail of Slovenliness {rCorr}
 11487 | Lair:3   | You fall into a shaft and drop 2 floors!
 11487 | Lair:5   | Entered Level 5 of the Lair of Beasts
 11503 | Lair:5   | Noticed a four-headed hydra
 11512 | Lair:5   | Killed a four-headed hydra
 11530 | Lair:5   | Reached skill level 11 in Fighting
 11572 | Lair:5   | Reached XP level 13. HP: 22/124 MP: 13/13
 12247 | Lair:5   | Found a basalt altar of Yredelemnul.
 12376 | Lair:5   | Noticed a dire elephant
 12376 | Lair:5   | Noticed a dire elephant
 12377 | Lair:5   | Noticed a dire elephant
 13124 | Lair:4   | Paralysed by a hornet for 1 turns
 13155 | Lair:4   | Reached skill level 12 in Fighting
 13218 | Lair:4   | Reached skill level 10 in Dodging
 13740 | Lair:3   | Received a gift from Trog
 14340 | Lair:3   | Acquired 658 gold pieces
 14544 | Lair:5   | Killed a dire elephant
 14548 | Lair:5   | Killed a dire elephant
 14549 | Lair:5   | Killed a dire elephant
 14789 | Lair:5   | Reached skill level 13 in Fighting
 14792 | Lair:5   | Identified the amulet of the Heron {rC+ Will+ Regen+}
 14890 | Lair:5   | Noticed Kirke
 14899 | Lair:5   | Killed Kirke
 14914 | Lair:5   | Reached XP level 14. HP: 128/138 MP: 14/14
 15130 | Lair:5   | Found a runed translucent door.
 15131 | Lair:5   | Found a viscous altar of Jiyva.
 15316 | Lair:5   | Found a staircase to the Slime Pits.
 15323 | Lair:5   | Received a gift from Trog
 16552 | D:10     | Entered Level 10 of the Dungeon
 16552 | D:10     | Found a shadowy altar of Dithmenos.
 16604 | D:10     | Noticed Josephine
 16612 | D:10     | Killed Josephine
 16667 | D:10     | Noticed Lodul
 16675 | D:10     | Killed Lodul
 17272 | D:11     | Reached skill level 14 in Fighting
 17353 | D:11     | Found a staircase to the Orcish Mines.
 17428 | D:11     | Found a portal to a secret trove of treasure.
 17583 | D:12     | Reached ****** piety under Trog
 17595 | D:12     | Received a gift from Trog
 18554 | D:13     | Identified the +0 pair of boots "Gyamoade" {rElec rCorr
                  | Dex+2 Slay+5}
 18711 | D:13     | Reached skill level 15 in Fighting
 18711 | D:13     | Reached XP level 15. HP: 133/150 MP: 15/15
 18834 | D:13     | Found Dirucezo's Distillery.
 18837 | D:13     | Bought a potion of heal wounds for 85 gold pieces
 18837 | D:13     | Bought a potion of magic for 136 gold pieces
 18837 | D:13     | Bought a potion of heal wounds for 85 gold pieces
 18837 | D:13     | Bought a potion of might for 68 gold pieces
 18837 | D:13     | Bought 2 potions of haste for 340 gold pieces
 18837 | D:13     | Bought a potion of curing for 51 gold pieces
 19057 | D:4      | Bought a potion of curing for 30 gold pieces
 19057 | D:4      | Bought a phial of floods for 400 gold pieces
 19057 | D:4      | Bought a scroll of identify for 20 gold pieces
 19057 | D:4      | Bought a scroll of fog for 40 gold pieces
 19826 | D:14     | Received a gift from Trog
 19871 | D:14     | Found Tiariug's Book Emporium.
 19871 | D:14     | Found a shimmering blue altar of Sif Muna.
 19895 | D:14     | Found a gate to the Vaults.
 19918 | D:14     | Identified the +1 helmet of the Pit {Regen+ rCorr MP-9
                  | Int+2}
 20262 | D:15     | Entered Level 15 of the Dungeon
 20762 | D:15     | Found a shimmering blue altar of Sif Muna.
 20856 | D:15     | Found a staircase to the Depths.
 20981 | Orc:1    | Entered Level 1 of the Orcish Mines
 20985 | Orc:1    | You fall into a shaft and drop 1 floor!
 20985 | Orc:2    | Entered Level 2 of the Orcish Mines
 21007 | Orc:2    | Received a gift from Trog
 21014 | Orc:2    | Reached skill level 16 in Fighting
 21018 | Orc:2    | Found Homurep's Assorted Antiques.
 21018 | Orc:2    | Found Niucuh's Armour Boutique.
 21059 | Orc:2    | Found Unaopug's Magic Scroll Shop.
 21059 | Orc:2    | Found Maemaum's Assorted Antiques.
 21070 | Orc:2    | Bought a scroll of teleportation for 36 gold pieces
 21070 | Orc:2    | Bought a scroll of teleportation for 36 gold pieces
 21070 | Orc:2    | Bought a scroll of blinking for 90 gold pieces
 21070 | Orc:2    | Bought a scroll of fog for 48 gold pieces
 21071 | Orc:2    | Bought a potion of might for 100 gold pieces
 21073 | Orc:2    | Bought a potion of might for 104 gold pieces
 21073 | Orc:2    | Bought a scroll of enchant armour for 195 gold pieces
 21403 | Orc:2    | Found a staircase to the Elven Halls.
 21454 | Orc:2    | Found a gateway to a bazaar.
 21461 | Orc:2    | Noticed Urug
 21465 | Bazaar   | Entered a bazaar
 21465 | Bazaar   | Found Meecir's Book Shop.
 21470 | Bazaar   | Found Ankojanke's Assorted Antiques.
 21482 | Bazaar   | Found Fian's Weapon Boutique.
 21490 | Bazaar   | Found Dax Azu's Jewellery Shoppe.
 21534 | Bazaar   | Bought a potion of curing for 48 gold pieces
 21580 | Orc:2    | Killed Urug
 21590 | Orc:2    | Received a gift from Trog
 21693 | Orc:1    | Noticed Gastronok
 21704 | Orc:1    | Killed Gastronok
 22113 | Orc:1    | Found Inlarocw's Jewellery Emporium.
 22345 | Shoals:1 | Entered Level 1 of the Shoals
 22349 | Shoals:1 | Noticed Jorgrun
 22357 | Shoals:1 | Killed Jorgrun
 22523 | Shoals:1 | Reached XP level 16. HP: 141/162 MP: 7/16
 22707 | Shoals:1 | Received a gift from Trog
 23433 | Shoals:2 | Identified the +12 sling of Toigux {freeze, *Corrode MP+9
                  | Dex+7}
 23577 | Shoals:2 | Noticed Polyphemus
 23587 | Shoals:2 | Killed Polyphemus
 24104 | Shoals:3 | Reached skill level 17 in Fighting
 24575 | Shoals:3 | Noticed a kraken
 24582 | Shoals:3 | Killed a kraken
 24771 | Shoals:3 | Noticed a kraken
 24781 | Shoals:3 | Killed a kraken
 25034 | Shoals:4 | Entered Level 4 of the Shoals
 25167 | Shoals:4 | Received a gift from Trog
 25211 | Shoals:4 | Reached skill level 15 in Dodging
 25579 | Shoals:4 | Reached skill level 18 in Fighting
 25872 | Shoals:4 | Identified the +8 mace of Unpleasantness {flame, +Blink rF+
                  | Str-5 Dex+2} (Trog gifted it to you on level 4 of the
                  | Shoals)
 25872 | Shoals:4 | Received a gift from Trog
 25934 | Shoals:4 | Reached XP level 17. HP: 126/176 MP: 8/17
 26176 | Shoals:4 | Got a barnacled rune of Zot
 26293 | Snake:1  | Entered Level 1 of the Snake Pit
 26396 | Snake:1  | Identified the +8 ring mail of Time Monsters {Str+8}
 26751 | Snake:1  | Identified the ring "Hiydif" {Ice Dex+4}
 26931 | Snake:1  | Found Xefeplin's Neck Hole.
 27101 | Snake:1  | HP: 13/265 [black mamba[a naga ritualist] (6)]
 27101 | Snake:1  | HP: 6/265 [black mamba[a naga ritualist] (7)]
 27102 | Snake:1  | Slain by a shock serpent

Illustrated notes

Levels and vault maps discovered:
D:1:      dpeg_arrival_radiant, layout_loops_ring,
          nicolae_concentric_dashed_squares_wild
D:2:      cheibrodos_fertilizer, layout_rooms, uniq_crazy_yiuf_cottage
D:3:      gammafunk_steamed_eel, layout_rooms, mainiacjoe_overflow_24_doors,
          chequers_ecumenical_altar_simple_redux, serial_park_tiny_2,
          minmay_fractal_squares_diagonal_5
D:4:      layout_layer_cave, mainiacjoe_overflow_boulevard, serial_shops, shop,
          minmay_circle_x
D:5:      layout_basic, mainiacjoe_overflow_six_doors_small,
          minmay_temple_entry_sparse_star, chequers_serial_rivers_small_a,
          grunt_decor_cap
D:6:      layout_basic, nicolae_yredelemnul_ghost_church
D:7:      layout_basic, amcnicky_altar_gilded
D:8:      kennysheep_housing_project, layout_loops_ring, lair_entry_dummy,
          uniq_psyche
D:9:      layout_basic
D:10:     layout_rooms, nicolae_dithmenos_the_darkroom, item_on_display_a,
          uniq_josephine, uniq_lodul
D:11:     layout_roguey, orc_0_dummy, nicolae_trove_entry_crystal
D:12:     minmay_the_grid_triangle_9x9_rhombus_full_mashed
          [minmay_the_grid_triangle_9x9_sprig,
          minmay_the_grid_triangle_9x9_odd_lines,
          minmay_the_grid_triangle_9x9_descending_squares,
          minmay_the_grid_triangle_9x9_impossible_snake,
          minmay_the_grid_triangle_9x9_cache,
          minmay_the_grid_triangle_9x9_swiss_cheese,
          minmay_the_grid_triangle_9x9_thin_v,
          minmay_the_grid_triangle_9x9_prize_insulated], layout_basic
D:13:     cheibrodos_tormentor_scu, layout_basic, serial_shops, kennysheep_mini
D:14:     layout_rooms, erik_vaults_1, old_standard_altar, serial_shops, shop
D:15:     hangedman_depths_entry_try_elsewhere_first, layout_loops_ring,
          hangedman_decor_points, led_sif_pool
Lair:1:   layout_chaotic_city, gammafunk_ghost_abyssal_escape,
          nicolae_lair_run_with_the_wolves, serial_bayou_shore_a
Lair:2:   layout_cave_pods, shoals_dummy_entry, guppyfry_snake_entry_garden,
          nzn_sisyphean_effort
Lair:3:   nzn_winding_woodlands_stair_cross
          [nzn_winding_woodlands_5x15_lazy_stream,
          nzn_winding_woodlands_center_triple_pond,
          nzn_winding_woodlands_5x15_sawtooth, nzn_winding_woodlands_5x5_cross,
          nzn_winding_woodlands_5x5_three, nzn_winding_woodlands_5x15_pool,
          nzn_winding_woodlands_center_pierced_h,
          nzn_winding_woodlands_5x15_parted], layout_chaotic_city,
          minmay_lair_oklob_bushes, serial_bayou_shore_b, lemuel_fruit_fields,
          uniq_amaemon
Lair:4:   cheibrodos_lair_overgrown_chateau, layout_long_grid
Lair:5:   due_jungle_book, layout_regular_city, slime_entry_2, basic_altar,
          nicolae_lair_grove_arrangements, chequers_serial_rivers_small_b,
          grunt_megastairs_4, uniq_kirke
Shoals:1: layout_shoals, nicolae_shoals_beach_house_on_fowls_legs, uniq_jorgrun
Shoals:2: layout_shoals, uniq_polyphemus
Shoals:3: layout_shoals
Shoals:4: shoals_end_grunt_ice, layout_shoals, abandoned_shop,
          nicolae_shoals_goliath_grotto
Snake:1:  layout_onion, nicolae_shop_sticking_my_neck_out, grunt_megastairs_2
Snake:2:  gammafunk_sealed_arena, layout_onion, basic_altar, abandoned_shop,
          nicolae_snake_lava_pool, minmay_shoptagon, uniq_aizul
Orc:1:    layout_caves, serial_shops, nicolae_shop_back_alley_shop,
          nicolae_orc_stony_grotto, uniq_gastronok
Orc:2:    st_orc_mages, layout_caves, serial_shops, bzr_entry_road, uniq_urug

Skill      XL: |  1  2  3  4  5  6  7  8  9 10 11 12 13 14 15 16 |
---------------+-------------------------------------------------+-----
Maces & Flails | 3 4 5 6 7 8 10 11 13 14 | 14.0
Fighting       | 3 4 5 7 8 9 11 13 15 16 18 | 18.6
Dodging        | 2 3 4 5 6 7 9 10 12 13 15 | 15.5
Armour         | |  2.4
Stealth        | |  0.7

Action                     |  1- 3 |  4- 6 |  7- 9 | 10-12 | 13-15 | 16-18 || total
---------------------------+-------+-------+-------+-------+-------+-------++-------
  Melee: Mace              |   121 |    63 |       |       |       |       ||   184
         Tailslap          |     4 |    21 |    36 |    31 |   126 |    56 ||   274
         Flail             |       |   130 |   368 |    30 |       |       ||   528
         Punch             |       |     3 |     7 |       |       |       ||    10
         Great mace        |       |       |       |   192 |   823 |   358 ||  1373
   Fire: Sling             |     1 |       |       |       |       |       ||     1
 Invoke: Berserk           |     2 |     1 |     2 |     2 |       |     1 ||     8
         Trog's Hand       |     1 |       |     3 |     2 |     2 |       ||     8
         Brothers in Arms  |       |       |     1 |       |     1 |     1 ||     3
  Evoke: Wand              |       |       |       |     5 |       |       ||     5
    Use: Potion            |     2 |       |     1 |     1 |     4 |     4 ||    12
         Scroll            |       |    23 |     6 |     4 |     8 |     3 ||    44
   Stab: Sleeping          |     1 |       |       |       |       |       ||     1
         Distracted        |       |       |       |     1 |     2 |       ||     3
 Armour: Animal skin       |    22 |       |       |       |       |       ||    22
         Leather armour    |    33 |    69 |       |       |       |       ||   102
         Ring mail         |       |    58 |   213 |    67 |       |       ||   338
         Skin              |       |     1 |       |       |       |       ||     1
         Robe              |       |       |       |    49 |       |       ||    49
         Scale mail        |       |       |       |    17 |   116 |       ||   133
         Troll leather arm |       |       |       |       |   395 |   208 ||   603
  Dodge: Dodged            |    54 |   105 |   237 |   224 |   716 |   306 ||  1642
